 Dungeon Crawl Stone Soup version 0.22-a0-422-g9628fc8 (webtiles) character file.

9 Kairos the Skirmisher (level 2, 16/16 HPs)
             Began as a Vine Stalker Fighter on May 19, 2018.
             Quit the game on level 1 of the Dungeon.
             The game lasted 00:00:33 (726 turns).

Kairos the Skirmisher (Vine Stalker Fighter)         Turns: 726, Time: 00:00:34

Health: 16/16      AC:  6    Str: 18    XL:     2   Next: 12%
Magic:  3/3        EV:  7    Int:  8    God:
Gold:   43         SH:  9    Dex: 13    Spells: 1/1 levels left

rFire    . . .     SeeInvis .   a - +0 war axe
rCold    . . .     Gourm    .   c - +0 shield
rNeg     . . .     Faith    .   b - +0 scale mail
rPois    .         Spirit   +   (no helmet)
rElec    .         Reflect  .   (no cloak)
rCorr    .         Harm     .   (no gloves)
MR       .....                  (no boots)
Stlth    ..........             (no amulet)
HPRegen  0.05/turn              (no ring)
MPRegen  0.08/turn              (no ring)

@: no status effects
A: fangs 2, magic shield, antimagic bite, no potion heal 3, rot immunity
a: no special abilities


You were on level 1 of the Dungeon.
You were not hungry.

You visited 1 branch of the dungeon, and saw 1 of its levels.

You collected 43 gold pieces.

Inventory:

Hand Weapons
 a - a +0 war axe (weapon)
Armour
 b - a +0 scale mail (worn)
 c - a +0 shield (worn)
 i - a +0 pair of boots
Scrolls
 e - 3 scrolls of enchant armour {unknown}
 h - a scroll of blinking {unknown}
Potions
 d - a potion of might
 g - a potion of brilliance {unknown}
Comestibles
 f - a ration


   Skills:
 + Level 2.8 Fighting
 + Level 2.1 Axes
 + Level 2.5 Armour
 + Level 2.7 Shields


You had one spell level left.
You didn't know any spells.
Your spell library was empty.

Dungeon Overview and Level Annotations

Branches:
Dungeon (1/15)

Altars:


Innate Abilities, Weirdness & Mutations

You have extremely sharp teeth.
When hurt, damage is shared between your health and your magic reserves.
Your bite disrupts and absorbs the magic of your enemies.
Potions cannot restore your health.
You are immune to rotting.


Message History

The bat hits you but does no damage.
A bat is nearby!
You slash the bat!
You kill the bat!
HP restored.
You open the door.
A frilled lizard comes into view.
The frilled lizard hisses angrily.
There is an open door here.
A frilled lizard is nearby!
Found a stone staircase leading down.
A frilled lizard is nearby!
A frilled lizard is nearby!
The frilled lizard bites you but does no damage.
A frilled lizard is nearby!
You closely miss the frilled lizard. Your bite misses the frilled lizard.
You block the frilled lizard's attack.
You slash the frilled lizard!
You kill the frilled lizard!
Are you sure you want to abandon this character and quit the game? (Confirm with "yes".)

♣.P♣### #.##....## ##
#.####..#. .. #.......#.
#.# ## ## #.##......
#..... .. #.##....## ####
....# #. #.##......
>...##.#.# #. #.......##
####....#.###. #.###..##
.......@...#.##.#.....##
##.........#.#..#..#....
####....#....#.......##.##
........##'#♣♣♣.♣.#.###.##
##........♣P....#.###.##
#####....♣..P♣##.......
###### #...'....♣.P.♣
#..###.# .....##
#.###†...♣.P♣♣##♣.♣ #.#
≈.....# #..........##.#
#.# #.#


There were no monsters in sight!

Vanquished Creatures
  A bat (D:1)
  2 giant cockroaches (D:1)
  A goblin (D:1)
  2 kobolds (D:1)
  A frilled lizard (D:1)
  A rat (D:1)
8 creatures vanquished.

Notes
Turn   | Place    | Note
-------+----------+-------------------------------------------
     0 | D:1      | Kairos the Vine Stalker Fighter began the quest for the Orb.
     0 | D:1      | Reached XP level 1. HP: 11/11 MP: 2/2
   637 | D:1      | Reached XP level 2. HP: 16/16 MP: 3/3
   726 | D:1      | Quit the game

Vault maps used:
D:1:      lemuel_arrival_lava_pool, serial_forest, infiniplex_forest_straight_3,
          infiniplex_forest_end_2, infiniplex_forest_lined_2,
          infiniplex_forest_corner_1, infiniplex_forest_end_2,
          infiniplex_forest_clump_cross, infiniplex_forest_zigzag_1,
          infiniplex_forest_lined_4_way, infiniplex_forest_clump_medium,
          infiniplex_forest_diagonal

Skill      XL: |  1 |
---------------+----+-----
Axes           | 2 |  2.1
Fighting       | |  2.8
Armour         | |  2.5
Shields        | |  2.7

Action                   || total
-------------------------++-------
Melee: War axe           ||    35
       Bite              ||     7
Armor: Scale mail        ||    19
Dodge: Dodged            ||    16
Block: Shield            ||    19

Table legend:
 A = Spawn XP
 B = Non-spawn XP
 C = Spawn XP percentage of total XP
 D = Spawn monster count
 E = Non-spawn monster count
 F = Spawn count percentage of total count
 G = Total turns spent on level
                    A         B        C        D         E        F      G
               +---------+---------+-------+---------+---------+-------+---------
         Total |       0 |      13 |   0.0 |       0 |       8 |   0.0 |   726
               +---------+---------+-------+---------+---------+-------+---------
           D:1 |       0 |      13 |   0.0 |       0 |       8 |   0.0 |   726
               +---------+---------+-------+---------+---------+-------+---------
